 Dungeon Crawl Stone Soup version 0.32-a0-893-gf85d74f360 (webtiles) character file.

Game seed: 5475881384798746619

18757 ragingrage the Carver (level 12, -7/86 HPs)
             Began as a Demonspawn Reaver on Apr 3, 2024.
             Was an Elder of Nemelex Xobeh.
             Mangled by a great orb of eyes simulacrum (18 damage)
             ... in an ice cave.
             The game lasted 00:23:55 (12079 turns).

ragingrage the Carver (Demonspawn Reaver)          Turns: 12079, Time: 00:23:56

Health: -7/86      AC:  9    Str: 12    XL:     12   Next: 30%
Magic:  16/16      EV: 11    Int: 12    God:    Nemelex Xobeh [****..]
Gold:   263        SH:  0    Dex: 17    Spells: 5/15 levels left

rFire   . . .        a - +2 long sword (elec)
rCold   + . .        D - orb {guile}
rNeg    + + .        K - +1 leather armour of Isaove Ilag {Rampage rN++ Int-2}
rPois   .            (no helmet)
rElec   .            (cloak unavailable)
rCorr   .            j - +1 pair of gloves
SInv    .            (no boots)
Will    .....        h - amulet of faith
Stlth   +++          w - ring of protection from cold
HPRegen 0.34/turn    P - +4 ring of slaying
MPRegen 0.15/turn

%: rampage, faith
@: no status effects
A: molten scales 2, demonic guardian 1, demonic magic 2, weakness stinger 3
a: Renounce Religion, Draw Escape, Draw Destruction, Draw Summoning, Triple
Draw, Deal Four


You were in an ice cave.
You worshipped Nemelex Xobeh.
Nemelex Xobeh was greatly pleased with you.
You visited 2 branches of the dungeon, and saw 12 of its levels.
You also visited: Ice Cave.

You collected 490 gold pieces.
You spent 227 gold pieces at shops.

Inventory:

Hand Weapons
 a - a +2 long sword of electrocution (weapon)
 b - a +0 dagger of venom
 M - a +3 scimitar
 Q - a +1 scimitar of flaming
Missiles
 v - 12 poisoned darts
 I - a throwing net
Armour
 i - a +2 scale mail of cold resistance
 j - a +1 pair of gloves (worn)
 D - an orb of guile (worn)
 K - the +1 leather armour of Isaove Ilag (worn) {Rampage rN++ Int-2}
   (You found it on level 9 of the Dungeon)

   Int-2:     It affects your intelligence (-2).
   rN++:      It greatly protects you from negative energy.
   Rampage:   It bestows one free step when moving towards enemies.
Jewellery
 h - an amulet of faith (around neck)
 m - a ring of resist corrosion
 t - a ring of wizardry
 w - a ring of protection from cold (left hand)
 H - a +6 ring of dexterity
 J - a ring of magical power
 N - a ring of protection from fire
 P - a +4 ring of slaying (right hand)
Wands
 p - a wand of polymorph (27)
 r - a wand of charming (8)
 R - a wand of roots (10)
 S - a wand of light (11)
Scrolls
 d - a scroll of blinking
 e - 3 scrolls of noise
 f - 2 scrolls of teleportation
 k - a scroll of immolation
 q - 2 scrolls of fog
 u - 2 scrolls of revelation
 x - a scroll of poison
 y - 3 scrolls of brand weapon
 L - a scroll of amnesia
Potions
 c - 6 potions of enlightenment
 g - a potion of resistance
 n - a potion of might
 o - 2 potions of invisibility
 z - a potion of berserk rage
 A - 2 potions of haste
 B - 2 potions of heal wounds
 C - a potion of experience {unknown}
 E - a potion of ambrosia
 G - a potion of cancellation {unknown}


   Skills:
 - Level 5.0 Fighting
 - Level 3.1(9.5) Short Blades
 - Level 13.8(14.0) Long Blades
 - Level 1.7 Dodging
 - Level 4.0 Stealth
 - Level 2.0 Spellcasting
 - Level 3.0 Conjurations
 - Level 3.2 Hexes
 - Level 6.3 Necromancy
 - Level 5.0 Fire Magic
 + Level 6.7 Alchemy
 + Level 6.1 Invocations


You had 5 spell levels left.
You knew the following spells:

 Your Spells              Type           Power      Damage    Failure   Level
a - Vampiric Draining     Necr           16%        2d7       8%          3
b - Confusing Touch       Hex            9%         N/A       26%         3
d - Sticky Flame          Fire/Alch      15%        2d5       30%         4

Your spell library contained the following spells:

 Spells                   Type           Power      Damage    Failure   Level
 Kiss of Death            Conj/Necr      48%        2d9       4%          1
 Slow                     Hex            36%        N/A       9%          1
 Shock                    Conj/Air       16%        1d4       19%         1
 Tukima's Dance           Hex            9%         N/A       26%         3
 Momentum Strike          Conj/Tloc      8%         3d8       28%         2
 Ignite Poison            Fire/Alch      15%        N/A       30%         4
 Hailstorm                Conj/Ice       4%         3d5       50%         3
 Alistair's Intoxication  Alch           11%        N/A       52%         5
 Swiftness                Air            1%         N/A       71%         3
 Yara's Violent Unravell  Hex/Alch       6%         3d5       77%         5
 Borgnjor's Vile Clutch   Necr/Erth      4%         N/A       95%         5
 Airstrike                Air            0%         2d(1-17)  98%         4
 Passage of Golubria      Tloc           1%         N/A       98%         4
 Eringya's Noxious Bog    Alch           8%         4d6       97%         6
 Ignition                 Fire           6%         3d4       100%        8


Dungeon Overview and Level Annotations

Branches:
Dungeon (10/15)            Temple (0/1) D:5            Lair (2/5) D:8
  IceCv (1/1)
  Swamp: Lair:2-3    Shoals: Lair:2-3     Snake: Lair:2-3    Spider: Lair:2-3
    Orc: D:9-12

Altars:
Dithmenos
Hepliaklqana
Makhleb
Nemelex Xobeh
Okawaru
Qazlal
Trog
Uskayaw
Yredelemnul

Shops:
D:3 (   D:4 *

Annotations:
D:4 2 runed translucent doors, exclusion: downstairs, Heh's ghost, amateur OpAE IceCv exclusion: ice statue


Innate Abilities, Weirdness & Mutations

You are mostly covered in molten scales. (AC +3)
A weak demonic guardian rushes to your aid.
Spells you cast may paralyse nearby enemies.
You have a sharp stinger which inflicts weakening toxins.


Message History

You are engulfed in freezing vapours.
You resist.
The grasping roots constrict the ice beast!
The grasping roots constrict the great orb of eyes simulacrum, but do no damage.
The grasping roots constrict the ice statue.
A great orb of eyes simulacrum comes into view.
The great orb of eyes simulacrum bites you.
The great orb of eyes simulacrum freezes you!
You resist. The ice beast misses you. The ice statue gestures at you.
The freezing blast engulfs you! You resist.
You hit the ice statue.
You are engulfed in freezing vapours.
You resist.
The grasping roots constrict the ice beast.
The grasping roots constrict the great orb of eyes simulacrum.
The grasping roots constrict the ice statue.
You hit the ice statue but do no damage.
You are engulfed in freezing vapours.
You resist.
The grasping roots constrict the ice beast.
The grasping roots constrict the great orb of eyes simulacrum.
The grasping roots constrict the ice statue.
The ice beast hits you. The ice beast freezes you. You resist.
The great orb of eyes simulacrum bites you but does no damage.
The ice statue gestures at you. The bolt of cold misses you.
The bolt of cold hits the ice beast.
The ice beast completely resists.
You slash the ice statue!
You tail-slap the ice statue, but do no damage.
You are engulfed in freezing vapours.
You resist.
* * * LOW HITPOINT WARNING * * *
The grasping roots constrict the ice beast.
The grasping roots constrict the great orb of eyes simulacrum.
The grasping roots constrict the ice statue.
The ice beast completely misses you.
A glowing shapeshifter simulacrum comes into view.
The great orb of eyes simulacrum bites you!
* * * LOW HITPOINT WARNING * * *
A demonic guardian appears!
The great orb of eyes simulacrum freezes you!!
You resist.
You die...
Your body glows slightly and disappears.

####....### ###....#
##.........### ##.....#
###....###.....###......#
##....###
###...........##
##....### #.........###
#.......### ###########
###.......###########
###.......○○○Z....##
######..○Y@I5....#
#######...Z.. #...Z ##.


You could see an ice statue (rooted), an ice beast (summoned, rooted), 2 great
orb of eyes simulacra, a glowing shapeshifter simulacrum (wandering) and a
friendly quasit (summoned).

Vanquished Creatures
  An entropy weaver (shapeshifter) (D:9)
  Erica (D:8)
  3 death yaks (Lair:1)
  2 two-headed ogres (D:9)
  Amaemon (D:8)
  Pikel (D:7)
  Maurice (D:9)
  An ice statue (IceCv)
  2 cane toads (shapeshifter) (D:9)
  An orange demon (D:8)
  4 komodo dragons
  3 cane toads (Lair:1)
  A rime drake (Lair:1)
  Psyche (D:8)
  Grinder (D:4)
  Prince Ribbit (D:7)
  A vampire (D:9)
  13 yaks
  A wyvern (D:9)
  2 basilisks
  Grum (D:8)
  3 vampire mosquitoes (D:9)
  5 water moccasins
  3 ice beasts
  Duvessa (D:4)
  2 black bears
  3 orc warriors
  A crocodile (D:9)
  2 wolves (D:8)
  2 centaurs
  2 phantoms (D:5)
  A slime creature simulacrum (IceCv)
  4 kobold brigands
  3 bullfrogs
  A gnoll sergeant (D:9)
  4 scorpions
  A wyvern zombie (D:9)
  6 wights
  Dowan (D:4)
  A killer bee (D:9)
  A howler monkey (D:9)
  3 hounds
  Ijyb (D:4)
  2 jellies
  3 orc priests
  A sleepcap (D:7)
  3 gnoll boudas
  Natasha (thrice) (D:4)
  5 iguanas
  3 orc wizards
  A polar bear simulacrum (Lair:1)
  A shapeshifter simulacrum (IceCv)
  7 adders
  16 gnolls
  2 shadow imps
  An ufetubus (D:5)
  A dart slug (D:5)
  23 orcs
  4 endoplasms
  8 giant cockroaches
  10 hobgoblins
  2 jackals (D:2)
  3 quokkas
  7 ball pythons
  4 bats
  2 frilled lizards
  8 goblins
  15 kobolds
  2 rats (D:1)
231 creatures vanquished.

Vanquished Creatures (collateral kills)
  2 quicksilver oozes (IceCv)
  A black mamba (Lair:1)
  2 yaks
  A bullfrog (Lair:1)
  3 gnolls
  A ribbon worm (D:2)
  An orc (D:4)
  A ball python (D:4)
  A kobold (D:7)
13 creatures vanquished.

Vanquished Creatures (others)
  A vampire mosquito (D:9)
1 creature vanquished.

Grand Total: 245 creatures vanquished

Notes
Turn   | Place    | Note
-------+----------+-------------------------------------------
     0 | D:1      | ragingrage the Demonspawn Reaver began the quest for the
                  | Orb.
     0 | D:1      | Reached XP level 1. HP: 16/16 MP: 3/3
   141 | D:1      | Reached skill level 1 in Stealth
   141 | D:1      | Reached skill level 1 in Necromancy
   283 | D:1      | Gained mutation: A weak demonic guardian rushes to your
                  | aid. [demonic ancestry]
   283 | D:1      | Reached XP level 2. HP: 15/22 MP: 5/5
   999 | D:2      | Reached XP level 3. HP: 27/27 MP: 6/6
  1207 | D:2      | Reached skill level 3 in Long Blades
  1559 | D:2      | Learned a level 3 spell: Confusing Touch
  1671 | D:2      | Gained mutation: You are partially covered in molten
                  | scales. (AC +2) [demonic ancestry]
  1671 | D:2      | Reached XP level 4. HP: 33/33 MP: 7/7
  1874 | D:3      | Found Bicoynisoi's Weapon Shoppe.
  2267 | D:4      | Reached skill level 1 in Hexes
  2355 | D:3      | Reached skill level 4 in Long Blades
  2355 | D:3      | Gained mutation: Spells you cast may paralyse adjacent
                  | enemies. [demonic ancestry]
  2355 | D:3      | Reached XP level 5. HP: 20/38 MP: 8/8
  2475 | D:3      | Learned a level 3 spell: Vampiric Draining
  2508 | D:4      | Noticed Grinder
  2701 | D:4      | Killed Grinder
  2702 | D:4      | Reached XP level 6. HP: 12/44 MP: 9/9
  2978 | D:4      | Found Wumenlac's Lightly-Used Armoury.
  3017 | D:4      | Noticed Ijyb
  3038 | D:4      | Reached skill level 1 in Short Blades
  3052 | D:4      | Found a large runed translucent door.
  3052 | D:4      | Found a large runed translucent door.
  3056 | D:4      | Noticed Heh's ghost (amateur OpAE)
  3148 | D:4      | Noticed Natasha
  3152 | D:4      | Killed Natasha
  3259 | D:4      | Noticed Dowan
  3277 | D:4      | Gained mutation: You have a small tail. [demonic ancestry]
  3277 | D:4      | Reached XP level 7. HP: 50/50 MP: 10/10
  3527 | D:4      | Noticed Duvessa
  3559 | D:4      | Killed Duvessa
  3560 | D:4      | Reached skill level 5 in Necromancy
  3564 | D:4      | Killed Dowan
  3978 | D:3      | Bought a +2 long sword of electrocution for 227 gold pieces
  4085 | D:4      | Noticed Natasha
  4095 | D:4      | Reached skill level 5 in Long Blades
  4096 | D:4      | Killed Natasha
  4270 | D:4      | Killed Ijyb
  4306 | D:4      | Noticed Natasha
  4311 | D:4      | Killed Natasha
  4367 | D:4      | Found a sparkling altar of Nemelex Xobeh.
  4384 | D:4      | Became a worshipper of Nemelex Xobeh the Trickster
  4917 | D:5      | Entered Level 5 of the Dungeon
  4964 | D:5      | Gained mutation: Spells you cast may paralyse nearby
                  | enemies. [demonic ancestry]
  4964 | D:5      | Reached XP level 8. HP: 56/56 MP: 7/11
  5043 | D:5      | Found a staircase to the Ecumenical Temple.
  5110 | D:5      | Reached skill level 6 in Long Blades
  5151 | D:5      | Found an iron altar of Okawaru.
  5153 | D:5      | Found a basalt altar of Yredelemnul.
  5210 | D:5      | Found a shadowy altar of Dithmenos.
  5226 | D:5      | Reached * piety under Nemelex Xobeh
  5326 | D:5      | Found a hide-covered altar of Uskayaw.
  5414 | D:5      | Received a gift from Nemelex Xobeh
  5587 | D:5      | Found a bloodstained altar of Trog.
  5605 | D:5      | Reached skill level 7 in Long Blades
  6291 | D:6      | Reached skill level 8 in Long Blades
  6553 | D:7      | Reached ** piety under Nemelex Xobeh
  6847 | D:7      | Reached XP level 9. HP: 61/61 MP: 5/12
  6913 | D:7      | Reached skill level 9 in Long Blades
  7106 | D:7      | Received a gift from Nemelex Xobeh
  7231 | D:7      | Identified the +7 spear "Hisuckoi" {protect, Stlth+}
  7468 | D:7      | Noticed Prince Ribbit
  7480 | D:7      | Killed Prince Ribbit
  7481 | D:7      | Reached skill level 10 in Long Blades
  7796 | D:8      | Reached *** piety under Nemelex Xobeh
  7814 | D:8      | Noticed Psyche
  7817 | D:8      | Killed Psyche
  7835 | D:8      | Reached skill level 11 in Long Blades
  7871 | D:8      | Found a staircase to the Lair.
  7871 | D:8      | Noticed a komodo dragon
  7889 | D:8      | Found a stormy altar of Qazlal.
  7899 | D:8      | Found a burning altar of Makhleb.
  7899 | D:8      | Noticed Pikel
  8156 | D:9      | Found a hazy altar of Hepliaklqana.
  8614 | D:9      | Gained mutation: You are mostly covered in molten scales.
                  | (AC +3) [demonic ancestry]
  8614 | D:9      | Reached XP level 10. HP: 67/67 MP: 9/13
  8659 | D:9      | Reached **** piety under Nemelex Xobeh
  8733 | D:9      | Noticed a two-headed ogre
  8789 | D:9      | Identified the +1 leather armour of Isaove Ilag {Rampage
                  | rN++ Int-2}
  8859 | D:9      | Noticed an entropy weaver
  8866 | D:10     | Entered Level 10 of the Dungeon
  8971 | D:9      | Killed an entropy weaver
  8972 | D:9      | Reached skill level 12 in Long Blades
  9017 | D:8      | Noticed Grum
  9019 | D:8      | Killed Grum
  9070 | D:8      | Received a gift from Nemelex Xobeh
  9433 | D:8      | Identified the +8 whip of the Eternal Void {pain, +Blink
                  | rC+ Will+}
  9439 | D:8      | Noticed Erica
  9452 | D:8      | Killed Erica
  9553 | D:8      | Noticed Amaemon
  9568 | D:8      | Noticed an orange demon
  9781 | D:8      | Killed Amaemon
  9785 | D:7      | Killed Pikel
  9786 | D:7      | Reached skill level 5 in Fighting
  9786 | D:7      | Reached skill level 13 in Long Blades
  9786 | D:7      | Gained mutation: You have a tail ending in a sharp stinger.
                  | [demonic ancestry]
  9786 | D:7      | Reached XP level 11. HP: 78/79 MP: 2/14
 10253 | D:9      | Learned a level 4 spell: Sticky Flame
 10316 | D:9      | Killed a two-headed ogre
 10317 | D:9      | Reached skill level 1 in Fire Magic
 10317 | D:9      | Reached skill level 1 in Alchemy
 10427 | D:9      | Noticed a two-headed ogre
 10432 | D:9      | Killed a two-headed ogre
 10578 | D:9      | Noticed a green ugly thing
 10716 | D:9      | Noticed Maurice
 10726 | D:9      | Killed Maurice
 10854 | D:9      | Noticed a cyan ugly thing
 10855 | D:9      | Noticed a deep troll
 10964 | Lair:1   | Entered Level 1 of the Lair of Beasts
 10992 | Lair:1   | Noticed a death yak
 10992 | Lair:1   | Noticed a death yak
 11002 | Lair:1   | Noticed a death yak
 11008 | Lair:1   | Killed a death yak
 11012 | Lair:1   | Killed a death yak
 11015 | Lair:1   | Killed a death yak
 11203 | Lair:1   | Received a gift from Nemelex Xobeh
 11232 | Lair:1   | You fall into a shaft and drop 1 floor!
 11255 | Lair:1   | Reached skill level 1 in Invocations
 11265 | Lair:1   | Reached skill level 5 in Alchemy
 11300 | Lair:1   | Found a frozen archway.
 11315 | Lair:1   | Gained mutation: You have a sharp stinger which inflicts
                  | weakening toxins. [demonic ancestry]
 11315 | Lair:1   | Reached XP level 12. HP: 31/86 MP: 1/15
 11332 | Lair:1   | Reached skill level 5 in Fire Magic
 11337 | Lair:1   | Received a gift from Nemelex Xobeh
 11443 | IceCv    | Entered an ice cave
 11531 | IceCv    | Noticed a quicksilver ooze
 11559 | IceCv    | Killed a quicksilver ooze
 11560 | IceCv    | Reached skill level 5 in Invocations
 11770 | IceCv    | Noticed a quicksilver ooze
 11776 | IceCv    | Killed a quicksilver ooze
 12079 | IceCv    | Mangled by a great orb of eyes simulacrum

Illustrated notes

Levels and vault maps discovered:
D:1:      onia_arrival_mini_spirals, layout_loops_ring,
          chequers_serial_rivers_micro_c
D:2:      layout_loops_ring, cheibrodos_gnoll_hut
D:3:      layout_basic, serial_shops, nicolae_shop_stone
D:4:      layout_layer_cave, nemelex_dance_club_becter,
          ebering_ghost_disaster_area, minmay_shop_damaged, eino_tiny_chamber,
          uniq_ijyb, uniq_duvessa, uniq_natasha, uniq_grinder
D:5:      layout_loops_ring, nicolae_overflow_macrodata_refinement,
          minmay_temple_entry_poolview, minmay_ruined_shrine
D:6:      layout_rooms
D:7:      layout_basic, grunt_ministairs_1, uniq_prince_ribbit1
D:8:      layout_rooms, bloody_makhleb, grunt_qazlal_clouds,
          david_lair_shrubbed, minivault_11, uniq_psyche, uniq_pikel, uniq_grum,
          uniq_amaemon, uniq_erica
D:9:      regret_index_malice_mire, layout_irregular_city,
          general_overflow_altar, mainiacjoe_overflow_brackets, uniq_maurice
D:10:     layout_loops_cross, grunt_temple_overflow_gold_and_silver,
          lemuel_doored_altar
Lair:1:   statuecave_lemuel, layout_cave_shapes,
          portal_ice_cave_entry_ice_simulacra
Lair:2:   layout_long_grid, elwin_shoals_entry_rooms, enter_volcano_1,
          lemuel_fruit_tree
IceCv:    ice_cave_hellmonk_azure_passage

Skill      XL: |  1  2  3  4  5  6  7  8  9 10 11 12 |
---------------+-------------------------------------+-----
Stealth        | 1 2 4 |  4.0
Necromancy     | 1 2 3 4 6 |  6.3
Long Blades    | 3 4 5 8 11 13 | 13.8
Hexes          | 1 2 3 |  3.2
Short Blades   | 1 3 |  3.1
Fighting       | 5 |  5.0
Fire Magic     | 4 5 |  5.0
Alchemy        | 5 6 |  6.7
Invocations    | 3 6 |  6.1
Dodging        | |  1.7
Spellcasting   | |  2.0
Conjurations   | |  3.0

Action                     |  1- 3 |  4- 6 |  7- 9 | 10-12 || total
---------------------------+-------+-------+-------+-------++-------
  Melee: Falchion          |   151 |    65 |    13 |       ||   229
         Dagger            |       |     8 |    54 |    73 ||   135
         Long sword        |       |       |   142 |   104 ||   246
         Tailslap          |       |       |    32 |    27 ||    59
         Unarmed           |       |       |     8 |       ||     8
  Throw: Throwing net      |       |       |       |     1 ||     1
         Dart              |       |       |       |     3 ||     3
   Cast: Kiss of Death     |       |     2 |       |       ||     2
         Vampiric Draining |       |     4 |    62 |    38 ||   104
         Confusing Touch   |       |       |     2 |     8 ||    10
         Sticky Flame      |       |       |       |     4 ||     4
 Invoke: Draw Destruction  |       |       |       |     5 ||     5
         Draw Summoning    |       |       |       |     4 ||     4
  Evoke: Wand              |       |     1 |       |     9 ||    10
    Use: Scroll            |       |     4 |     7 |     7 ||    18
         Potion            |       |     5 |     3 |     1 ||     9
   Stab: Sleeping          |     5 |     2 |     3 |     1 ||    11
         Paralysed         |       |     4 |    40 |    45 ||    89
         Confused          |       |       |       |     1 ||     1
         Invisible         |       |       |       |     1 ||     1
 Armour: Leather armour    |   117 |    54 |   182 |   104 ||   457
         Skin              |       |       |    12 |       ||    12
  Dodge: Dodged            |    80 |    44 |   128 |    92 ||   344

Table legend: (Time is in decaauts)
 A = Elapsed time spent in this place.
 B = Non-inter-level travel time spent in this place.
 C = Inter-level travel time spent in this place.
 D = Time resting spent in this place.
 E = Time spent auto-exploring this place.
 F = Levels seen in this place.
 G = Mean time per level.
                   A        B        C        D        E       F      G
               +--------+--------+--------+--------+--------+-----+--------+
         Total |  12046 |  11609 |    437 |   3009 |   5965 |  13 |  926.6 |
       Dungeon |  10964 |  10527 |    437 |   2426 |   5842 |  10 | 1096.4 |
          Lair |    459 |    459 |      0 |    106 |     93 |   2 |  229.5 |
      Ice Cave |    622 |    622 |      0 |    477 |     30 |   1 |  622.0 |
               +--------+--------+--------+--------+--------+-----+--------+

Top non-repeatable levels by time:
     D:4: 2305 daAuts
     D:9: 1726 daAuts
     D:7: 1430 daAuts
     D:8: 1047 daAuts
     D:1: 969 daAuts
     D:5: 954 daAuts
     D:3: 868 daAuts
     D:2: 831 daAuts
     D:6: 731 daAuts
   IceCv: 622 daAuts
  Lair:1: 453 daAuts
    D:10: 100 daAuts
  Lair:2: 5 daAuts
